 Dungeon Crawl Stone Soup version 0.32-a0-172-gc5dd13f2a7 (webtiles) character file.

Game seed: 9047434729768030485

12508 cforsyth the Fighter (level 12, -2/87 (98) HPs)
             Began as a Djinni Hexslinger on Feb 13, 2024.
             Was the Champion of Elyvilon.
             Killed from afar by a laughing skull (33 damage)
             ... with a bolt of negative energy
             ... on level 1 of the Abyss.
             The game lasted 00:28:32 (14079 turns).

cforsyth the Fighter (Djinni Hexslinger)           Turns: 14079, Time: 00:28:35

HP:   -2/87 (98)    AC: 11    Str:  7    XL:     12   Next: 21%
Gold: 794           EV: 12    Int: 19    God:    Elyvilon [******] SH:  0 Dex: 17

rFire   + + +        a - +3 Elemental Staff {ele, rElec rF+ rC+ AC+3}
rCold   . . .        (no shield)
rNeg    . . .        B - +0 troll leather armour
rPois   ∞            (no helmet)
rElec   +            (no cloak)
rCorr   .            j - +0 pair of gloves
SInv    .            (boots unavailable)
Will    +....        (no amulet)
Stlth   +            T - +4 ring of protection
HPRegen 1.14/turn    (no ring)
MPRegen 0.00/turn

%: infuse magic (-3 HP)
@: about to teleport, flying, studying Armour, heavily drained
A: sickness immunity, fire resistance 2, cold vulnerability 1, float, innate
caster, HP casting, extra vitality 1
a: Renounce Religion, Purification, Heal Other, Heal Self, Divine Vigour


You were on level 1 of the Abyss.
You worshipped Elyvilon.
Elyvilon was exalted by your worship.
You visited 1 branch of the dungeon, and saw 11 of its levels.
You visited the Abyss 1 time.
You also visited: Ossuary and Bailey.

You collected 794 gold pieces.


Innate Abilities, Weirdness & Mutations

You are immune to sickness and miasma.
You are immune to poison.
Your flesh is very heat resistant. (rF++)
You are vulnerable to cold. (rC-)
You float through the air rather than walking.
You learn spells naturally, not from books.
Your magical power is your life essence.
You have superior vitality. (+4 MHP)


   Skills:
 + Level 13.5 Fighting
 - Level 1.5 Ranged Weapons
 - Level 2.1 Dodging
 + Level 10.6 Spellcasting
 + Level 10.6 Conjurations
 + Level 10.6 Hexes
 + Level 10.6 Summonings
 + Level 10.6 Necromancy
 + Level 10.6 Translocations
 + Level 10.6 Fire Magic
 + Level 10.6 Ice Magic
 + Level 10.6 Air Magic
 + Level 10.6 Earth Magic
 + Level 10.6 Alchemy


You knew the following spells:

 Your Spells              Type           Power      Damage    Failure   Level
a - Apportation           Tloc           100%       N/A       1%          1
b - Scorch                Fire           100%       2d9       1%          2
c - Cause Fear            Hex            25%        N/A       1%          4
d - Volatile Blastmotes   Fire/Tloc      100%       2d18      1%          3
f - Inner Flame           Hex/Fire       66%        N/A       1%          3
t - Confusing Touch       Hex            50%        N/A       1%          3
y - Sticky Flame          Fire/Alch      66%        2d11      1%          4
X - Jinxbite              Hex            100%       N/A       1%          2
Y - Sigil of Binding      Hex            50%        N/A       1%          3
Z - Dimensional Bullseye  Hex/Tloc       25%        N/A       1%          4
Your spell library was empty.

Inventory:

Hand Weapons
 a - the +3 Elemental Staff (weapon) {ele, rElec rF+ rC+ AC+3}
   (You acquired it in a bailey)

   AC+3:      It affects your AC (+3).
   rF+:       It protects you from fire.
   rC+:       It protects you from cold.
   rElec:     It insulates you from electricity.
Armour
 j - a +0 pair of gloves (worn)
 v - a +2 robe of resistance
 B - a +0 troll leather armour (worn)
Jewellery
 T - a +4 ring of protection (left hand)
Wands
 k - a wand of iceblast (6)
 p - a wand of paralysis (11)
 u - a wand of flame (52)
 A - a wand of quicksilver (1)
Scrolls
 b - 4 scrolls of poison
 c - 3 scrolls of amnesia {unknown}
 d - a scroll of vulnerability {unknown}
 e - 2 scrolls of revelation
 f - 4 scrolls of teleportation {@r2}
 g - a scroll of noise {unknown}
 l - 2 scrolls of immolation {unknown}
 m - 3 scrolls of enchant armour {unknown}
 n - a scroll of butterflies {unknown}
 t - 2 scrolls of enchant weapon {unknown}
 y - 3 scrolls of blinking {unknown}
 G - 4 scrolls of fog {unknown}
Potions
 h - 5 potions of curing {@q1}
 i - 3 potions of mutation
 o - 3 potions of invisibility
 r - a potion of brilliance {unknown}
 s - a potion of berserk rage {unknown}
 w - 5 potions of might
 x - 2 potions of haste {@q3}
 z - 3 potions of lignification
 D - a potion of heal wounds {@q2}
 E - a potion of enlightenment {unknown}
 H - a potion of experience {unknown}

Dungeon Overview and Level Annotations

Branches:
Dungeon (11/15)            Temple (0/1) D:7            Lair (0/5) D:10
Ossuary (visited)          Bailey (visited)
    Orc: D:9-12

Altars:
Dithmenos
Elyvilon
Fedhas
Gozag
Nemelex Xobeh
Trog
Wu Jian
Xom
Zin

Shops:
D:8 *

Annotations:
D:3 1 transporter
D:7 2 transporters, jboons's ghost, novice VSGl
D:11 Erolcha

.. .... ..x
.###4..░░▒.. ▒
...▒..... .. ..
..........§...
..........4§.
..........
▒..... ▒▒..z##
▒..xz@#
.......zzZ......
........4......
................
▒..##..##>.▒▒.h#
▒.. #.. ..▒ .#
.. ... ... .
.... ....


You could see an orange demon (inner flame), a warg shaped shifter (fleeing), a
chaos spawn (fleeing), a small abomination, 4 laughing skulls and a caustic
shrike zombie.


Message History

Unknown command.
You closely miss the caustic shrike zombie.
The sky beast changes into a warg!
The caustic shrike zombie claws you!
* * * LOW HITPOINT WARNING * * *
The laughing skull headbutts you.
* * * LOW HITPOINT WARNING * * *
The laughing skull headbutts you.
* * * LOW HITPOINT WARNING * * *
The laughing skull headbutts you.
* * * LOW HITPOINT WARNING * * *
The laughing skull headbutts you!
* * * LOW HITPOINT WARNING * * *
The caustic shrike zombie claws you but does no damage.
The laughing skull closely misses you. The laughing skull headbutts you.
* * * LOW HITPOINT WARNING * * *
The laughing skull headbutts you.
* * * LOW HITPOINT WARNING * * *
The laughing skull headbutts you!
* * * LOW HITPOINT WARNING * * *
The orange demon stings you from afar! Elyvilon protects you from harm!
Unknown command.
Unknown command.
Use which ability? (? or * to list)
You are healed.
The caustic shrike zombie claws you but does no damage.
The laughing skull cackles spitefully.
The bolt of negative energy hits you!!
You feel drained.
You die...
The laughing skull crumbles to pieces from sheer joy.

Skill      XL: |  1  2  3  4  5  6  7  8  9 10 11 |
---------------+----------------------------------+-----
Spellcasting   | 3 4 5 6 7 8 10 | 10.6
Conjurations   | 3 4 5 6 7 8 10 | 10.6
Hexes          | 3 4 5 6 7 8 10 | 10.6
Summonings     | 3 4 5 6 7 8 10 | 10.6
Necromancy     | 3 4 5 6 7 8 10 | 10.6
Translocations | 3 4 5 6 7 8 10 | 10.6
Fire Magic     | 3 4 5 6 7 8 10 | 10.6
Ice Magic      | 3 4 5 6 7 8 10 | 10.6
Air Magic      | 3 4 5 6 7 8 10 | 10.6
Earth Magic    | 3 4 5 6 7 8 10 | 10.6
Alchemy        | 3 4 5 6 7 8 10 | 10.6
Fighting       | 2 3 4 5 7 9 11 13 | 13.5
Ranged Weapons | |  1.5
Dodging        | |  2.1

Action                     |  1- 3 |  4- 6 |  7- 9 | 10-12 || total
---------------------------+-------+-------+-------+-------++-------
  Melee: Staff             |       |       |       |     1 ||     1
   Fire: Sling             |    74 |    76 |    61 |    83 ||   294
   Cast: Jinxbite          |    11 |    15 |       |       ||    26
         Inner Flame       |       |    10 |    56 |    90 ||   156
         Scorch            |       |    16 |   186 |   133 ||   335
         Cause Fear        |       |       |       |     1 ||     1
         Sticky Flame      |       |       |       |     5 ||     5
         Volatile Blastmot |       |       |       |     1 ||     1
 Invoke: Purification      |       |       |     1 |       ||     1
         Heal Self         |       |       |       |     2 ||     2
  Evoke: Wand              |       |       |       |     4 ||     4
    Use: Scroll            |       |       |     9 |     6 ||    15
         Potion            |       |       |       |     4 ||     4
 Armour: Robe              |    24 |    13 |   100 |    58 ||   195
         Troll leather arm |       |       |       |    68 ||    68
  Dodge: Dodged            |    13 |    25 |    70 |    54 ||   162

Levels and vault maps discovered:
D:1:      roderic_chinese_lattice_arrival, layout_basic,
          nicolae_ecumenical_snake_handling, st_stairs_14,
          chequers_serial_rivers_marsh, dreamdust_mushroom_princess
D:2:      layout_basic, uniq_sigmund
D:3:      layout_loops_ring, nicolae_gozag_seed_capital,
          grunt_nemelex_the_gamble, jmf_multi_god_temple2
D:4:      layout_basic, glass_columns_a, minmay_misc_feat_encased
D:5:      layout_basic, elyvilon_altar_4, mainiacjoe_ossuary_entry_dusty_tomb
D:6:      layout_loops_cross, kennysheep_another_room
D:7:      layout_cave_pools, temple_green, gammafunk_ghost_wrathful_warriors,
          minmay_misc_feat_square, minmay_misc_feat_ornament
D:8:      layout_loops_ring, nicolae_wu_jian_wuxing_cycle,
          grunt_dithmenos_shadows, xom_butterflies,
          mainiacjoe_overflow_six_doors_small, nicolae_elemental_shop,
          minmay_manual_mullet, uniq_jeremiah
D:9:      layout_roguey, enter_bailey_8, chequers_jeans
D:10:     nicolae_moon_pools, layout_long_grid, fedhas_altar_4,
          david_lair_generic, lemuel_flamethrower_2
D:11:     layout_roguey, orc_0_dummy, uniq_erolcha, uniq_erica
Abyss:1:  base: D:7, base: D:7, guppyfry_abyss_exit_glass_guarded

Notes
Turn   | Place    | Note
-------+----------+-------------------------------------------
     0 | D:1      | cforsyth the Djinni Hexslinger began the quest for the Orb.
     0 | D:1      | cforsyth set off with the following spells memorised:
                  | Jinxbite, Sigil of Binding, Inner Flame, Cause Fear,
                  | Dimensional Bullseye.
     0 | D:1      | Reached XP level 1. HP: 17/17 MP: 0/0
    71 | D:1      | Reached XP level 2. HP: 13/22 MP: 0/0
   229 | D:1      | Reached skill level 3 in Spellcasting
   229 | D:1      | Reached skill level 3 in Conjurations
   229 | D:1      | Reached skill level 3 in Hexes
   229 | D:1      | Reached skill level 3 in Summonings
   229 | D:1      | Reached skill level 3 in Necromancy
   229 | D:1      | Reached skill level 3 in Translocations
   229 | D:1      | Reached skill level 3 in Fire Magic
   229 | D:1      | Reached skill level 3 in Ice Magic
   229 | D:1      | Reached skill level 3 in Air Magic
   229 | D:1      | Reached skill level 3 in Earth Magic
   229 | D:1      | Reached skill level 3 in Alchemy
   331 | D:1      | Found a faded altar of an unknown god.
   354 | D:1      | Reached skill level 2 in Fighting
   354 | D:1      | Reached XP level 3. HP: 28/28 MP: 0/0
   354 | D:1      | Learned a level 1 spell: Apportation
   363 | D:1      | Prayed at the altar of an unknown god.
   363 | D:1      | Became a worshipper of Elyvilon the Healer
   363 | D:1      | Reached * piety under Elyvilon
   487 | D:1      | HP: 1/28 [gnoll/+0 spear (2)]
  1237 | D:2      | Reached XP level 4. HP: 30/34 MP: 0/0
  1398 | D:2      | Reached ** piety under Elyvilon
  1603 | D:2      | Identified a +2 robe of resistance
  1603 | D:2      | Noticed Sigmund
  1775 | D:3      | Reached skill level 3 in Fighting
  1851 | D:3      | Found a glowing silver altar of Zin.
  1907 | D:3      | Reached XP level 5. HP: 39/40 MP: 0/0
  1907 | D:3      | Learned a level 2 spell: Scorch
  2302 | D:3      | Found an opulent altar of Gozag.
  2431 | D:3      | Found a sparkling altar of Nemelex Xobeh.
  2431 | D:3      | Found a transporter.
  2630 | D:2      | Killed Sigmund
  2631 | D:2      | Reached skill level 4 in Fighting
  2631 | D:2      | Reached skill level 4 in Spellcasting
  2631 | D:2      | Reached skill level 4 in Conjurations
  2631 | D:2      | Reached skill level 4 in Hexes
  2631 | D:2      | Reached skill level 4 in Summonings
  2631 | D:2      | Reached skill level 4 in Necromancy
  2631 | D:2      | Reached skill level 4 in Translocations
  2631 | D:2      | Reached skill level 4 in Fire Magic
  2631 | D:2      | Reached skill level 4 in Ice Magic
  2631 | D:2      | Reached skill level 4 in Air Magic
  2631 | D:2      | Reached skill level 4 in Earth Magic
  2631 | D:2      | Reached skill level 4 in Alchemy
  2631 | D:2      | Reached XP level 6. HP: 37/48 MP: 0/0
  3213 | D:4      | Reached *** piety under Elyvilon
  3616 | D:4      | Reached XP level 7. HP: 47/53 MP: 0/0
  3616 | D:4      | Learned a level 3 spell: Volatile Blastmotes
  3885 | D:4      | Reached skill level 5 in Fighting
  4145 | D:5      | Entered Level 5 of the Dungeon
  4250 | D:5      | Found a sand-covered staircase.
  4263 | Ossuary  | Entered an ossuary
  4354 | Ossuary  | Reached **** piety under Elyvilon
  4747 | Ossuary  | Reached skill level 5 in Spellcasting
  4747 | Ossuary  | Reached skill level 5 in Conjurations
  4747 | Ossuary  | Reached skill level 5 in Hexes
  4747 | Ossuary  | Reached skill level 5 in Summonings
  4747 | Ossuary  | Reached skill level 5 in Necromancy
  4747 | Ossuary  | Reached skill level 5 in Translocations
  4747 | Ossuary  | Reached skill level 5 in Fire Magic
  4747 | Ossuary  | Reached skill level 5 in Ice Magic
  4747 | Ossuary  | Reached skill level 5 in Air Magic
  4747 | Ossuary  | Reached skill level 5 in Earth Magic
  4747 | Ossuary  | Reached skill level 5 in Alchemy
  5146 | Ossuary  | Reached XP level 8. HP: 32/61 MP: 0/0
  5147 | Ossuary  | Reached skill level 6 in Fighting
  5422 | D:5      | Found a white marble altar of Elyvilon.
  5952 | D:5      | Reached skill level 7 in Fighting
  6361 | D:6      | Reached skill level 6 in Spellcasting
  6361 | D:6      | Reached skill level 6 in Conjurations
  6361 | D:6      | Reached skill level 6 in Hexes
  6361 | D:6      | Reached skill level 6 in Summonings
  6361 | D:6      | Reached skill level 6 in Necromancy
  6361 | D:6      | Reached skill level 6 in Translocations
  6361 | D:6      | Reached skill level 6 in Fire Magic
  6361 | D:6      | Reached skill level 6 in Ice Magic
  6361 | D:6      | Reached skill level 6 in Air Magic
  6361 | D:6      | Reached skill level 6 in Earth Magic
  6361 | D:6      | Reached skill level 6 in Alchemy
  6516 | D:6      | Reached XP level 9. HP: 64/68 MP: 0/0
  6516 | D:6      | Learned a level 3 spell: Confusing Touch
  6563 | D:6      | HP: 5/69 [orc warrior/+0 halberd (16)]
  7210 | D:6      | Reached skill level 8 in Fighting
  7302 | D:6      | Identified the +6 quarterstaff of Kutagocs {vamp, rF+ rN+
                  | Int-5}
  7469 | D:7      | Found a transporter.
  7511 | D:7      | Reached skill level 7 in Spellcasting
  7511 | D:7      | Reached skill level 7 in Conjurations
  7511 | D:7      | Reached skill level 7 in Hexes
  7511 | D:7      | Reached skill level 7 in Summonings
  7511 | D:7      | Reached skill level 7 in Necromancy
  7511 | D:7      | Reached skill level 7 in Translocations
  7511 | D:7      | Reached skill level 7 in Fire Magic
  7511 | D:7      | Reached skill level 7 in Ice Magic
  7511 | D:7      | Reached skill level 7 in Air Magic
  7511 | D:7      | Reached skill level 7 in Earth Magic
  7511 | D:7      | Reached skill level 7 in Alchemy
  7687 | D:7      | Found a staircase to the Ecumenical Temple.
  7695 | D:7      | Reached ***** piety under Elyvilon
  7844 | D:7      | Reached skill level 9 in Fighting
  8357 | D:7      | Noticed a moth of wrath
  8368 | D:7      | Found a transporter.
  8563 | D:7      | Noticed jboons's ghost (novice VSGl)
  8571 | D:7      | Identified the +6 morningstar of Darkness {drain, Str+4
                  | Int+3 Dex+3 SInv}
  8581 | D:7      | Noticed a two-headed ogre
  8584 | D:7      | Found a bloodstained altar of Trog.
  8652 | D:8      | Noticed a two-headed ogre
  9005 | D:8      | Found a shimmering altar of Xom.
  9130 | D:8      | Reached XP level 10. HP: 61/78 MP: 0/0
  9173 | D:8      | Killed a two-headed ogre
  9174 | D:8      | Reached skill level 10 in Fighting
  9174 | D:8      | Reached skill level 8 in Spellcasting
  9174 | D:8      | Reached skill level 8 in Conjurations
  9174 | D:8      | Reached skill level 8 in Hexes
  9174 | D:8      | Reached skill level 8 in Summonings
  9174 | D:8      | Reached skill level 8 in Necromancy
  9174 | D:8      | Reached skill level 8 in Translocations
  9174 | D:8      | Reached skill level 8 in Fire Magic
  9174 | D:8      | Reached skill level 8 in Ice Magic
  9174 | D:8      | Reached skill level 8 in Air Magic
  9174 | D:8      | Reached skill level 8 in Earth Magic
  9174 | D:8      | Reached skill level 8 in Alchemy
  9228 | D:8      | Noticed a cyclops
  9247 | D:8      | Killed a cyclops
  9293 | D:8      | Noticed a two-headed ogre
  9298 | D:8      | Killed a two-headed ogre
  9473 | D:8      | Found a bloodstained altar of Trog.
  9518 | D:8      | Reached skill level 11 in Fighting
  9532 | D:8      | Noticed Jeremiah
  9582 | D:8      | Killed Jeremiah
  9930 | D:8      | Found an ornate altar of the Wu Jian Council.
 10074 | D:8      | Found a shadowy altar of Dithmenos.
 10214 | D:8      | Found Xeklo's Elemental Accessories.
 10400 | D:8      | Reached XP level 11. HP: 71/87 MP: 0/0
 10400 | D:8      | Learned a level 4 spell: Sticky Flame
 10402 | D:8      | Reached skill level 9 in Spellcasting
 10402 | D:8      | Reached skill level 9 in Conjurations
 10402 | D:8      | Reached skill level 9 in Hexes
 10402 | D:8      | Reached skill level 9 in Summonings
 10402 | D:8      | Reached skill level 9 in Necromancy
 10402 | D:8      | Reached skill level 9 in Translocations
 10402 | D:8      | Reached skill level 9 in Fire Magic
 10402 | D:8      | Reached skill level 9 in Ice Magic
 10402 | D:8      | Reached skill level 9 in Air Magic
 10402 | D:8      | Reached skill level 9 in Earth Magic
 10402 | D:8      | Reached skill level 9 in Alchemy
 10522 | D:9      | Found a flagged portal.
 10536 | Bailey   | Entered a bailey
 11170 | Bailey   | Noticed an orc warlord
 11182 | Bailey   | HP: 4/89 [orc warlord/+5 broad axe (23)]
 11186 | Bailey   | Killed an orc warlord
 11187 | Bailey   | Reached skill level 12 in Fighting
 11888 | Bailey   | Acquired the +3 Elemental Staff {ele, rElec rF+ rC+ AC+3}
 11888 | Bailey   | Found the +3 Elemental Staff {ele, rElec rF+ rC+ AC+3}
 12637 | D:9      | Reached skill level 10 in Spellcasting
 12637 | D:9      | Reached skill level 10 in Conjurations
 12637 | D:9      | Reached skill level 10 in Hexes
 12637 | D:9      | Reached skill level 10 in Summonings
 12637 | D:9      | Reached skill level 10 in Necromancy
 12637 | D:9      | Reached skill level 10 in Translocations
 12637 | D:9      | Reached skill level 10 in Fire Magic
 12637 | D:9      | Reached skill level 10 in Ice Magic
 12637 | D:9      | Reached skill level 10 in Air Magic
 12637 | D:9      | Reached skill level 10 in Earth Magic
 12637 | D:9      | Reached skill level 10 in Alchemy
 12794 | D:10     | Entered Level 10 of the Dungeon
 13005 | D:10     | Reached ****** piety under Elyvilon
 13046 | D:10     | Noticed a death yak
 13052 | D:10     | Noticed a two-headed ogre
 13064 | D:9      | Killed a death yak
 13354 | D:10     | Found a staircase to the Lair.
 13374 | D:10     | Reached skill level 13 in Fighting
 13430 | D:10     | Found a blossoming altar of Fedhas.
 13588 | D:10     | Killed a two-headed ogre
 13589 | D:10     | Reached XP level 12. HP: 84/98 MP: 0/0
 14004 | D:11     | Noticed Erolcha
 14007 | D:11     | You are cast into the Abyss!
 14007 | Abyss:1  | Cast into level 1 of the Abyss (Erolcha)
 14078 | Abyss:1  | HP: 6/92 [laughing skull (10)]
 14078 | Abyss:1  | Elyvilon protects you from harm!
 14079 | Abyss:1  | Killed from afar by a laughing skull

Vanquished Creatures
  An orc warlord (Bailey)
  3 two-headed ogres
  A death yak (D:9)
  A cyclops (D:8)
  A smoke demon (Abyss:1)
  Jeremiah (D:8)
  A kobold demonologist (D:10)
  2 trolls (D:9)
  A hornet (D:10)
  Sigmund (D:2)
  4 yaks (D:10)
  A wyvern (D:10)
  A basilisk (D:10)
  4 steam dragons
  An acid dragon (D:8)
  A water moccasin (D:8)
  2 ice beasts (D:8)
  6 black bears
  20 orc warriors
  A small abomination (Abyss:1)
  2 ogres
  2 phantoms
  A centaur (D:7)
  An elf zombie (Ossuary)
  2 bullfrogs
  4 kobold brigands
  A gnoll sergeant (D:8)
  3 scorpions
  10 killer bees
  A howler monkey (D:7)
  3 electric eels (D:10)
  2 centaur zombies (Ossuary)
  3 human zombies (Ossuary)
  A bombardier beetle (D:4)
  4 hounds
  3 jellies
  4 orc priests
  4 iguanas
  12 orc wizards
  4 hound zombies (Ossuary)
  2 mummies (Ossuary)
  23 gnolls
  6 adders
  2 shadow imps
  A white imp (D:8)
  2 adder zombies (Ossuary)
  4 dart slugs
  A ribbon worm (D:3)
  42 orcs
  6 endoplasms
  2 giant cockroaches
  5 gnoll zombies (Ossuary)
  14 goblins
  13 hobgoblins
  5 jackals (D:2)
  3 quokkas
  10 ball pythons
  6 bats
  3 frilled lizards
  9 jackal zombies (Ossuary)
  23 kobolds
  3 kobold zombies (Ossuary)
  7 orc zombies (Ossuary)
  3 rats
  2 butterflies (D:8)
318 creatures vanquished.

Table legend: (Time is in decaauts)
 A = Elapsed time spent in this place.
 B = Non-inter-level travel time spent in this place.
 C = Inter-level travel time spent in this place.
 D = Time resting spent in this place.
 E = Time spent auto-exploring this place.
 F = Levels seen in this place.
 G = Mean time per level.
                   A        B        C        D        E       F      G
               +--------+--------+--------+--------+--------+-----+--------+
         Total |  14175 |  13596 |    579 |   2180 |   8915 |  14 | 1012.5 |
       Dungeon |  11583 |  11004 |    579 |   1411 |   7860 |  11 | 1053.0 |
         Abyss |     72 |     72 |      0 |      0 |     38 |   1 |   72.0 |
       Ossuary |   1073 |   1073 |      0 |    131 |    650 |   1 | 1073.0 |
        Bailey |   1446 |   1446 |      0 |    638 |    367 |   1 | 1446.0 |
               +--------+--------+--------+--------+--------+-----+--------+

Top non-repeatable levels by time:
  Bailey: 1446 daAuts
     D:8: 1437 daAuts
     D:3: 1351 daAuts
     D:5: 1286 daAuts
     D:6: 1256 daAuts
     D:7: 1224 daAuts
     D:9: 1135 daAuts
 Ossuary: 1073 daAuts
     D:1: 1022 daAuts
    D:10: 972 daAuts
     D:4: 970 daAuts
     D:2: 853 daAuts
    D:11: 72 daAuts
 Abyss:1: 72 daAuts

Table legend:
 A = Non-vault XP
 B = Vault XP
 C = Vault XP percentage of total XP
 D = Non-vault monster count
 E = Vault monster count
 F = Vault count percentage of total count
                 A         B        C        D         E       F
            +---------+---------+-------+---------+---------+-------
      Total |   10277 |    7592 |  42.5 |     213 |     103 |  32.6
            +---------+---------+-------+---------+---------+-------
        D:1 |      48 |       5 |   9.4 |      21 |       4 |  16.0
        D:2 |      32 |     243 |  88.4 |      13 |       1 |   7.1
        D:3 |     108 |       3 |   2.7 |      18 |       2 |  10.0
        D:4 |     168 |       0 |   0.0 |      22 |       0 |   0.0
        D:5 |     667 |       0 |   0.0 |      13 |       0 |   0.0
        D:6 |    1068 |       0 |   0.0 |      25 |       0 |   0.0
        D:7 |    1056 |       0 |   0.0 |      29 |       0 |   0.0
        D:8 |    2109 |    1930 |  47.8 |      19 |       5 |  20.8
        D:9 |    1387 |     807 |  36.8 |      22 |       1 |   4.3
       D:10 |    2732 |     547 |  16.7 |      23 |       3 |  11.5
       D:11 |     369 |       0 |   0.0 |       6 |       0 |   0.0
    Abyss:1 |     533 |       0 |   0.0 |       2 |       0 |   0.0
    Ossuary |       0 |     469 | 100.0 |       0 |      38 | 100.0
     Bailey |       0 |    3588 | 100.0 |       0 |      49 | 100.0
            +---------+---------+-------+---------+---------+-------
